 Dungeon Crawl Stone Soup version 0.17.0-25-gefc9c12 (webtiles) character file.

32 M4edhros the Charlatan (level 3, -1/23 HPs)
             Began as an Octopode Artificer on Nov 18, 2015.
             Slain by a jackal (3 damage)
             ... on level 1 of the Dungeon.
             The game lasted 00:01:03 (1403 turns).

M4edhros the Charlatan (Octopode Artificer)         Turns: 1403, Time: 00:01:03

Health: -1/23      AC:  1    Str: 10    XL:     3   Next: 25%
Magic:  6/6        EV: 12    Int: 14    God:
Gold:   35         SH:  0    Dex: 13    Spells: 0 memorised, 2 levels left

rFire  . . .     SeeInvis .     k - -2 whip (curse)
rCold  . . .     Clarity  .     (no shield)
rNeg   . . .     SustAt   .     (helmet restricted)
rPois  .         Gourm    .     (no amulet)
rElec  .         Spirit   .     (no ring)
rCorr  .         Warding  .     (no ring)
rMut   .         Stasis   .     (no ring)
MR     .....                    (no ring)
Stlth  +++.......               (no ring)
                                (no ring)
                                (no ring)
                                (no ring)

@: not resistant to hostile enchantments, fairly stealthy
A: almost no armour, amphibious, 8 rings, constrict 8, camouflage 1, gelatinous
body 1
a: no special abilities


You were on level 1 of the Dungeon.
You were very hungry.

You visited 1 branch of the dungeon, and saw 2 of its levels.

You collected 35 gold pieces.

Inventory:

Hand Weapons
 a - a +1 short sword
 k - a cursed -2 whip (weapon)
Missiles
 l - 27 sling bullets
 m - 3 stones (quivered)
Wands
 b - a wand of flame (15)
 c - a wand of enslavement (14)
 d - a wand of random effects (15)
Scrolls
 h - a scroll of random uselessness
Potions
 f - a potion of cure mutation {unknown}
 j - a potion of flight {unknown}
Comestibles
 e - a bread ration
 g - a meat ration
 i - 3 fruits


   Skills:
 - Level 1.0 Fighting
 - Level 1.0 Short Blades
 - Level 2.0 Dodging
 + Level 3.1 Stealth
 + Level 4.1 Evocations


You had 2 spell levels left.
You didn't know any spells.

Dungeon Overview and Level Annotations

Branches:
Dungeon (2/15)

Altars:


Innate Abilities, Weirdness & Mutations

You cannot wear most types of armour.
You are amphibious.
You can wear up to eight rings at the same time.
You can use your tentacles to constrict eight enemies at once.
Your skin changes colour to match your surroundings (Stealth).
Your rubbery body absorbs attacks (AC +1).


Message History

Unknown command.
You are too injured to fight recklessly!
You are too injured to fight recklessly!
You are too injured to fight recklessly!
You are too injured to fight recklessly!
You are too injured to fight recklessly!
Unknown command.
You hit the quokka but do no damage. Your squeeze misses the quokka.
The quokka is almost dead.
You constrict the quokka.
You kill the quokka!
The giant cockroach bites you.
* * * LOW HITPOINT WARNING * * *
The jackal misses you. The giant cockroach bites you.
* * * LOW HITPOINT WARNING * * *
Unknown command.
The jackal closely misses you.
There are monsters nearby!
The jackal bites you.
You die...

#####.# #.##########.####### #
#.# #.# #..........# # #.# #.#
#.##.#####.# # #.# #.#
#........#.# #####.# #.#
#..#.....#.#
#...#.########.#######..#######.#
#.#.#.##.....>.......#..#.....#.#
#.#.#....#.....#####.#..#..♣.♣#.#
#.#.####..#.##sh@..........♣.♣#.#
#.#.#.....#.##.#####....##.♣.♣#.#
#.#.#.##..#.##.#)..........♣.♣..#
#.#....#..#.##.#.###.....#.♣.♣###
#.#.####..#.##.#...#.....#.♣.♣...
#.#.......#.##.###.#.##..#.♣.♣###
#.######.##.##.# #.......#.♣.♣
#.........#'##.# #...#...#.♣.♣
######.......#.####.##.....#.###


You could see a jackal and a giant cockroach.

Vanquished Creatures
  A gnoll (D:1)
  2 giant geckos (D:1)
  A hobgoblin (D:1)
  3 jackals (D:1)
  4 kobolds (D:1)
  A quokka (D:1)
  A bat (D:1)
  2 giant newts (D:1)
  2 goblins (D:1)
  A rat (D:1)
18 creatures vanquished.

Notes
Turn   | Place    | Note
--------------------------------------------------------------
     0 | D:1      | M4edhros the Octopode Artificer began the quest for the Orb.
     0 | D:1      | Reached XP level 1. HP: 13/13 MP: 3/3
   122 | D:1      | Reached XP level 2. HP: 13/18 MP: 4/4
   754 | D:1      | Reached skill level 4 in Evocations
   836 | D:1      | Reached XP level 3. HP: 14/23 MP: 6/6
  1403 | D:1      | Slain by a jackal

Action                   || total
-------------------------++-------
Melee: Short sword       ||    36
       Whip              ||     7
Evoke: Wand              ||     1
  Use: Scroll            ||     2
 Stab: Sleeping          ||     6
       Distracted        ||     1
